 Dungeon Crawl Stone Soup version 0.29-a0-887-gcbe080d7e0 (webtiles) character file.

Game seed: 2587449873804614094

194 zeratav the Stinger (level 5, 0/31 HPs)
             Began as an Octopode Venom Mage on July 21, 2022.
             Slain by an orc
             ... wielding a +0 club
              (3 damage)
             ... on level 4 of the Dungeon.
             The game lasted 00:04:16 (4655 turns).

zeratav the Stinger (Octopode Venom Mage)           Turns: 4655, Time: 00:04:16

Health: 0/31       AC:  1    Str:  7    XL:     5   Next: 73%
Magic:  1/8        EV: 17    Int: 20    God:
Gold:   170        SH:  0    Dex: 12    Spells: 1/8 levels left

rFire   . . .      SeeInvis .   q - +2 whip (venom) {mace}
rCold   . . .      Faith    .   (no shield)
rNeg    . . .      Spirit   .   (helmet restricted)
rPois   .          Reflect  .   (no amulet)
rElec   .          Harm     .   l - +4 ring of evasion
rCorr   .          Rampage  .   (no ring)
Will    .....                   (no ring)
Stlth   ++++......              (no ring)
HPRegen 0.10/turn               (no ring)
MPRegen 0.11/turn               (no ring)
                                (no ring)
                                (no ring)

@: no status effects
A: almost no armour, amphibious, 8 rings, camouflage 1, gelatinous body 1,
(nimble swimmer 1), tentacles
a: no special abilities


You were on level 4 of the Dungeon.
You visited 1 branch of the dungeon, and saw 4 of its levels.

You collected 170 gold pieces.


Innate Abilities, Weirdness & Mutations

You cannot wear most types of armour.
You are amphibious.
You can wear up to eight rings at the same time.
Your skin changes colour to match your surroundings (Stealth+).
Your rubbery body absorbs attacks. (AC +1, EV +1)
((You are camouflaged when in or above water. (Stealth+)))
You have tentacles for arms and can constrict up to eight enemies at once.


   Skills:
 - Level 2.0 Dodging
 - Level 5.0 Stealth
 - Level 2.0 Spellcasting
 - Level 1.0 Transmutations
 + Level 6.6 Poison Magic


You had one spell level left.
You knew the following spells:

 Your Spells              Type           Power      Damage    Failure   Level
a - Sting                 Tmut/Pois      68%        1d6       3%          1
b - Poisonous Vapours     Pois/Air       30%        N/A       6%          2
c - Olgreb's Toxic Radia  Pois           28%        N/A       11%         4

Your spell library contained the following spells:

 Spells                   Type           Power      Damage    Failure   Level
 Shock                    Conj/Air       8%         1d3       16%         1
 Spider Form              Tmut/Pois      17%        N/A       10%         3
 Mephitic Cloud           Conj/Pois/Air  10%        N/A       19%         3
 Ensorcelled Hibernation  Hex/Ice        4%         N/A       24%         2
 Swiftness                Air            2%         N/A       43%         3
 Airstrike                Air            1%         0-2+      83%         4
 Anguish                  Hex/Necr       1%         N/A       83%         4
 Borgnjor's Revivificati  Necr           1%         N/A       100%        8
 Necromutation            Tmut/Necr      2%         N/A       100%        8
 Death's Door             Necr           1%         N/A       100%        9

Inventory:

Hand Weapons
 f - a +0 dagger {short}
   (You took it off a kobold on level 1 of the Dungeon)
 q - a +2 whip of venom (weapon) {mace}
   (You took it off a gnoll on level 3 of the Dungeon)
Jewellery
 l - a +4 ring of evasion (left tentacle)
   (You found it on level 2 of the Dungeon)
Wands
 n - a wand of polymorph (7)
   (You found it on level 2 of the Dungeon)
 p - a wand of digging (4)
   (You found it on level 3 of the Dungeon)
Scrolls
 b - 3 scrolls of identify {unknown}
 c - a scroll of amnesia {unknown}
 g - a scroll of blinking {unknown}
 h - 2 scrolls of teleportation {unknown}
 j - a scroll of magic mapping {unknown}
 k - a scroll of enchant weapon {unknown}
Potions
 a - a potion of magic
 d - 3 potions of might {unknown}
 e - a potion of heal wounds {unknown}
 i - 2 potions of curing {unknown}
 m - a potion of brilliance {unknown}
 o - 2 potions of haste {@q3}

Dungeon Overview and Level Annotations

Branches:
Dungeon (4/15) Zot: 19343
 Temple: D:4-7

Altars:

Shops:
D:3

( ### #.#
#######.#
.......)# #o#
.#... #@#
######## ...
#.# #......#
... #.#
#.####.# ...
#.# #.#<.#.#
#.# #.#
#.#.##.#
#.#.#.. #.#
#.#.##.#
#.#.#.#
#.#####.#.##.#
#.#.#.#
#.......#.##.#
#.#.#.#
#########.##.#


You could see an orc.


Message History

There is a stone staircase leading up here.
An adder comes into view.
A dart slug comes into view.
Found a stone staircase leading down.
The helpless adder fails to defend itself.
You hit the adder.
The adder is poisoned.
You grab the adder. You squeeze the adder.
You kill the adder!
You see here an adder corpse.
The helpless dart slug fails to defend itself.
You hit the dart slug.
The dart slug is poisoned.
You grab the dart slug. You tentacle-slap the dart slug.
You squeeze the dart slug. You constrict the dart slug.
The dart slug bites you.
HP[-2]
You take 2 damage, and now have 29/31 hp.
You hit the dart slug.
You kill the dart slug!
No target in view!
No target in view!
No target in view!
No target in view!
No target in view!
No target in view!
No target in view!
No target in view!
You hear the slow rusting of a very distant drain.
You see here an adder corpse.
h - 2 scrolls labelled JUFREI ABIRIU (gained 1)
There is a stone staircase leading down here.
You open the door.
There is an open door here.
You now have 170 gold pieces (gained 4).
You hear the slow rusting of a very distant drain.
An orc priest and 2 orcs come into view.
The orc priest shouts!
The orc shouts! x2
HP[+2]
Your hp is fully restored (31).
Casting: Poisonous Vapours (safe; 7% risk of failure)
Confirm with . or Enter, or press ? or * to list all spells.
Aiming: Poisonous Vapours (safe; 7% risk of failure)
Press: ? - help, Dir - move target, f - orc priest
Aim: an orc priest, wielding a +0 hand axe Poisonous vapours surround the orc priest!
The orc priest is poisoned.
The orc barely misses you.
MP[-2]
You lost 2 mp, and now have 6/8 mp.
Casting: Poisonous Vapours (safe; 7% risk of failure)
Confirm with . or Enter, or press ? or * to list all spells.
Aiming: Poisonous Vapours (safe; 7% risk of failure)
Press: ? - help, Dir - move target, f/p - orc priest
Aim: an orc priest, wielding a +0 hand axe (lightly wounded, poisoned) Poisonous vapours surround the orc priest!
The orc priest looks even sicker.
MP[-2]
You lost 2 mp, and now have 4/8 mp.
Casting: Poisonous Vapours (safe; 7% risk of failure)
Confirm with . or Enter, or press ? or * to list all spells.
Aiming: Poisonous Vapours (safe; 7% risk of failure)
Press: ? - help, Dir - move target, f/p - orc priest
Aim: an orc priest, wielding a +0 hand axe (moderately wounded, very poisoned) Poisonous vapours surround the orc priest!
The orc priest looks even sicker.
The orc barely misses you.
The orc priest invokes the aid of Beogh against you.
Pain shoots through your body!
HP[-7] MP[-2]
You take 7 damage, and now have 24/31 hp.
MASSIVE DAMAGE!! (PAUSE)
You lost 2 mp, and now have 2/8 mp.
The orc attacks as you move away! The orc misses you.
Casting: Poisonous Vapours (safe; 7% risk of failure)
Confirm with . or Enter, or press ? or * to list all spells.
Aiming: Poisonous Vapours (safe; 7% risk of failure)
Press: ? - help, Dir - move target, f/p - orc priest
Aim: an orc priest, wielding a +0 hand axe (moderately wounded, very poisoned) Poisonous vapours surround the orc priest!
The orc priest looks as sick as possible!
The orc hits you with a +0 hand axe.
The orc priest mumbles some strange prayers to Beogh against you.
Beogh smites you!
* * * LOW HITPOINT WARNING * * *
HP[-16] MP[-2]
You take 16 damage, and now have 8/31 hp.
MASSIVE DAMAGE!! (PAUSE)
You lost 2 mp, and now have 0/8 mp.
You hit the orc but do no damage.
The orc is poisoned.
You grab the orc.
You constrict the orc, but do no damage.
The orc barely misses you.
You hit the orc but do no damage.
The orc looks as sick as possible!
You squeeze the orc, but do no damage.
You constrict the orc, but do no damage.
You kill the orc priest!
The orc hits you with a +0 hand axe.
* * * LOW HITPOINT WARNING * * *
HP[-6]
You take 6 damage, and now have 2/31 hp.
You hit the orc.
The orc looks as sick as possible!
You constrict the orc.
You kill the orc!
You barely miss the orc. You grab the orc. You constrict the orc.
The orc hits you with a +0 club.
You die...

Skill      XL: |  1  2  3  4  5 |
---------------+----------------+-----
Stealth        | 3 4 5 |  5.0
Poison Magic   | 4 5 6 |  6.6
Dodging        | |  2.0
Spellcasting   | |  2.0
Transmutations | |  1.0

Action                   |  1- 3 |  4- 6 || total
-------------------------+-------+-------++-------
Melee: Unarmed           |    11 |       ||    11
       Constrict         |    28 |    16 ||    44
       Short sword       |     5 |       ||     5
       Tentacles         |    22 |    10 ||    32
       Dagger            |    87 |    31 ||   118
       Punch             |     3 |     2 ||     5
       Whip              |       |    17 ||    17
 Cast: Sting             |    20 |    29 ||    49
       Poisonous Vapours |       |    17 ||    17
 Stab: Sleeping          |     9 |     6 ||    15
Armor: Skin              |    18 |     3 ||    21
Dodge: Dodged            |    64 |    58 ||   122

Levels and vault maps discovered:
D:1:      matt_arrival_refuge, layout_basic
D:2:      layout_basic, kennysheep_path_1
D:3:      layout_basic, serial_shops, shop
D:4:      layout_basic, mainiacjoe_overflow_divided_tiny, gup_sewer_entry_glass

Notes
Turn   | Place    | Note
-------+----------+-------------------------------------------
     0 | D:1      | zeratav the Octopode Venom Mage began the quest for the
                  | Orb.
     0 | D:1      | Reached XP level 1. HP: 11/11 MP: 3/3
     0 | D:1      | magus.rc [v1.9.6]
    90 | D:1      | Reached skill level 3 in Stealth
   224 | D:1      | Reached XP level 2. HP: 16/17 MP: 5/5
   294 | D:1      | Reached skill level 4 in Poison Magic
   311 | D:1      | HP: 2/17 [jackal (3)]
   860 | D:1      | Reached XP level 3. HP: 10/21 MP: 6/6
  1131 | D:1      | Reached skill level 4 in Stealth
  1898 | D:2      | You add the spells Borgnjor's Revivification, Necromutation
                  | and Death's Door to your library.
  2398 | D:2      | You pick up a book of Air and begin reading...
  2398 | D:2      | You add the spells Shock, Swiftness and Airstrike to your
                  | library.
  2438 | D:2      | Reached XP level 4. HP: 25/27 MP: 7/7
  2573 | D:2      | Learned a level 2 spell: Poisonous Vapours
  2864 | D:2      | Learned a level 4 spell: Olgreb's Toxic Radiance
  3016 | D:3      | You pick up a book of Dreams and begin reading...
  3016 | D:3      | You add the spells Ensorcelled Hibernation, Spider Form and
                  | Anguish to your library.
  3164 | D:3      | Reached skill level 5 in Poison Magic
  3329 | D:3      | Found Ryosel's Weapon Emporium.
  3549 | D:3      | Reached skill level 5 in Stealth
  4067 | D:3      | Reached XP level 5. HP: 31/31 MP: 1/8
  4204 | D:3      | Reached skill level 6 in Poison Magic
  4653 | D:4      | HP: 2/31 [orc/+0 hand axe (6)]
  4655 | D:4      | Slain by an orc

Vanquished Creatures
  An orc priest (D:4)
  7 gnolls (D:3)
  An adder (D:4)
  A worm (D:3)
  3 dart slugs
  2 orcs
  10 bats
  An endoplasm (D:2)
  4 giant cockroaches
  3 goblins
  9 hobgoblins
  10 jackals
  A quokka (D:2)
  8 ball pythons
  5 frilled lizards
  5 kobolds
  9 rats
80 creatures vanquished.

Table legend:
 A = Non-vault XP
 B = Vault XP
 C = Vault XP percentage of total XP
 D = Non-vault monster count
 E = Vault monster count
 F = Vault count percentage of total count
                 A         B        C        D         E       F
            +---------+---------+-------+---------+---------+-------
      Total |     278 |       0 |   0.0 |      80 |       0 |   0.0
            +---------+---------+-------+---------+---------+-------
        D:1 |      63 |       0 |   0.0 |      37 |       0 |   0.0
        D:2 |      24 |       0 |   0.0 |      15 |       0 |   0.0
        D:3 |     130 |       0 |   0.0 |      24 |       0 |   0.0
        D:4 |      61 |       0 |   0.0 |       4 |       0 |   0.0
            +---------+---------+-------+---------+---------+-------

Illustrated notes

Table legend:
 A = Kills in this place as a percentage of kills in entire the game.
 B = Kills by you in this place as a percentage of kills by you in the entire game.
 C = Kills by friends in this place as a percentage of kills by friends in the entire game.
 D = Other kills in this place as a percentage of other kills in the entire game.
 E = Experience gained in this place as a percentage of experience gained in the entire game.
 F = Experience gained in this place divided by the number of levels of this place that you have seen.
                   A       B       C       D       E      F
               +-------+-------+-------+-------+-------+----------------------
         Total | 100.0 | 100.0 |   N/A |   N/A | 100.0 |  69.5
       Dungeon | 100.0 | 100.0 |   N/A |   N/A | 100.0 |  69.5
               +-------+-------+-------+-------+-------+----------------------

Table legend: (Time is in decaauts)
 A = Elapsed time spent in this place.
 B = Non-inter-level travel time spent in this place.
 C = Inter-level travel time spent in this place.
 D = Time resting spent in this place.
 E = Time spent auto-exploring this place.
 F = Levels seen in this place.
 G = Mean time per level.
                   A        B        C        D        E       F      G
               +--------+--------+--------+--------+--------+-----+--------+
         Total |   4655 |   4509 |    146 |    579 |   3320 |   4 | 1163.8 |
       Dungeon |   4655 |   4509 |    146 |    579 |   3320 |   4 | 1163.8 |
               +--------+--------+--------+--------+--------+-----+--------+

Top non-repeatable levels by time:
     D:1: 1837 daAuts
     D:3: 1522 daAuts
     D:2: 1156 daAuts
     D:4: 138 daAuts
